 Dungeon Crawl Stone Soup version 0.22.1-1-ga44c0e5 (webtiles) character file.

98 Velaskes the Conjurer (level 4, -4/24 HPs)
             Began as a Tengu Conjurer on Nov 1, 2018.
             Killed by divine providence
             ... invoked by an orc priest
              (12 damage)
             ... on level 3 of the Dungeon.
             The game lasted 00:09:13 (2496 turns).

Velaskes the Conjurer (Tengu Conjurer)              Turns: 2496, Time: 00:09:13

Health: -4/24      AC:  3    Str:  8    XL:     4   Next: 71%
Magic:  2/9        EV: 10    Int: 17    God:
Gold:   103        SH:  6    Dex: 14    Spells: 7/8 levels left

rFire    . . .     SeeInvis .   c - +3 dagger
rCold    . . .     Gourm    .   j - +0 shield
rNeg     . . .     Faith    .   a - +0 robe
rPois    .         Spirit   .   (helmet restricted)
rElec    .         Reflect  .   (no cloak)
rCorr    .         Harm     .   e - +0 pair of gloves
MR       .....                  (boots unavailable)
Stlth    ++........             (no amulet)
HPRegen  0.08/turn              (no ring)
MPRegen  0.11/turn              (no ring)

@: very slightly contaminated, slowed, very slow
A: beak, talons 3
a: no special abilities


You were on level 3 of the Dungeon.
You were hungry.

You visited 1 branch of the dungeon, and saw 3 of its levels.

You collected 103 gold pieces.

Inventory:

Hand Weapons
 b - a +0 dagger
 c - a +3 dagger (weapon)
 g - a -3 spear
Armour
 a - a +0 robe (worn)
 e - a +0 pair of gloves (worn)
 j - a +0 shield (worn)
Scrolls
 h - a scroll of random uselessness {unknown}
 l - a scroll of magic mapping {unknown}
 n - 2 scrolls of identify {unknown}
Potions
 d - 2 potions of curing {unknown}
 f - 2 potions of berserk rage {unknown}
 i - a potion of lignification {unknown}
 k - a potion of resistance {unknown}
Comestibles
 m - a ration


   Skills:
 + Level 0.3 Fighting
 + Level 0.5 Short Blades
 + Level 2.9 Dodging
 + Level 2.4 Stealth
 + Level 0.5 Unarmed Combat
 + Level 2.7 Spellcasting
 + Level 6.3 Conjurations


You had 7 spell levels left.
You knew the following spells:

 Your Spells              Type           Power        Failure   Level  Hunger
a - Magic Dart            Conj           ###.         10%         1    #......

Your spell library contained the following spells:

 Spells                   Type           Power        Failure   Level  Hunger
 Searing Ray              Conj           ###...       14%         2    ##.....
 Iskenderun's Mystic Bla  Conj           ###.....     67%         4    #####..
 Dazzling Spray           Conj/Hex       ##....       71%         3    ###....
 Force Lance              Conj/Tloc      ##......     98%         4    #####..
 Fulminant Prism          Conj/Hex       ##........   98%         4    #####..


Dungeon Overview and Level Annotations

Branches:
Dungeon (3/15)

Altars:


Innate Abilities, Weirdness & Mutations

You have a beak for a mouth.
You have claws for feet.


Message History

A quokka comes into view.
The orc priest drinks a potion.
The orc priest seems to speed up.
An orc wizard comes into view. It is wielding a dagger.
Casting: Magic Dart (safe; 10% risk of failure)
Confirm with . or Enter, or press ? or * to list all spells.
Aiming: Magic Dart (safe; 10% risk of failure)
Press: ? - help, Shift-Dir - straight line, f/p - orc priest
Aim: an orc priest, wearing a leather armour (moderately wounded, fast)
You miscast Magic Dart.
You are very lightly contaminated with residual magic.
You feel a strange surge of energy!
You hit the orc. You claw the orc.
You kill the orc!
The orc priest invokes the aid of Beogh against you.
Beogh smites you!
Ouch! That really hurt!
The orc priest calls down the wrath of Beogh upon you.
Beogh smites you!
Ouch! That really hurt!
You die...

###.#### .####
#....... #
......#.#....# .# .
.or†o.#.#.#..##.#..
..go..s...##......
#@#.......#
#.........
##.#.#.#.#########
#.###..#.#.......#
##.#.#.#.#)##.##.#
##.##.#.#)#.#.#.#
#......)).###...
########>## ##..
#<.###...


You could see an orc priest, 2 orc wizards, a quokka, a giant cockroach and a
hobgoblin.

Vanquished Creatures
  Robin (D:3)
  An adder (D:2)
  2 worms (D:2)
  3 leopard geckos (D:1)
  2 orcs (D:3)
  6 giant cockroaches
  11 goblins
  6 hobgoblins
  5 jackals
  A ball python (D:2)
  8 bats
  4 frilled lizards (D:1)
  10 kobolds
  4 rats
64 creatures vanquished.

Notes
Turn   | Place    | Note
-------+----------+-------------------------------------------
     0 | D:1      | Velaskes the Tengu Conjurer began the quest for the Orb.
     0 | D:1      | Reached XP level 1. HP: 10/10 MP: 4/4
   103 | D:1      | Reached XP level 2. HP: 9/15 MP: 1/6
   552 | D:1      | Reached XP level 3. HP: 17/19 MP: 0/7
   960 | D:1      | Reached skill level 6 in Conjurations
  1704 | D:2      | Reached XP level 4. HP: 20/24 MP: 3/8
  2339 | D:3      | Noticed Robin
  2362 | D:3      | Killed Robin
  2496 | D:3      | Killed from afar by an orc priest

Skill      XL: |  1  2  3 |
---------------+----------+-----
Conjurations   | 6 |  6.3
Fighting       | |  0.3
Short Blades   | |  0.5
Dodging        | |  2.9
Stealth        | |  2.4
Unarmed Combat | |  0.5
Spellcasting   | |  2.7

Action                   |  1- 3 |  4- 6 || total
-------------------------+-------+-------++-------
Melee: Unarmed           |    14 |       ||    14
       Peck              |    12 |       ||    12
       Kick              |    17 |     2 ||    19
       Dagger            |    35 |     7 ||    42
       Spear             |    19 |       ||    19
 Cast: Magic Dart        |    77 |    32 ||   109
  Use: Scroll            |     4 |       ||     4
  Eat: Ration            |     1 |       ||     1
       Chunk             |       |     2 ||     2
Armor: Robe              |    20 |       ||    20
Dodge: Dodged            |    69 |     2 ||    71
Block: Shield            |     3 |     1 ||     4
